Map: Port Aleksander LE

Players

DarkSoulGods

  • Race: Terran Terran
  • League: Bronze
  • Spawn Location: 11:00

HoRNET - Winner!

  • Race: Protoss Protoss
  • League: Platinum
  • Spawn Location: 5:00

VOD

Have the link to the VOD?

Description

Time

  • Played on: Dec. 15, 2018, 1:23 p.m.
  • Length: 6:23
Show
View Real Time Build Order
Export as new Build Order

DarkSoulGods Terran 

Build Orders:  

Get SALT Encoding   

  12  0:01  SCV  
  13  0:15  SCV  
  14  0:24  Supply Depot  
  14  0:27  SCV  
  15  0:45  SCV  
  15  0:47  Barracks  
  16  0:57  SCV  
  17  1:08  Barracks  
  17  1:09  SCV  
  18  1:21  Barracks, SCV  
  19  1:34  SCV  
  19  1:58  Supply Depot  
  19  2:15  Supply Depot  
  19  2:21  Supply Depot  
  19  2:26  Marine  
  19  2:27  Marine  
  21  2:30  Marine  
  22  2:37  Refinery  
  22  2:40  SCV  
  23  2:55  Refinery  
  23  3:34  Marine x3  
  4  3:50  SCV  
  4  3:51  Marine  
  4  3:52  Marine x2  
  8  4:02  SCV  
  9  4:09  Marine x2  
  9  4:10  Marine  
  9  4:14  SCV  
  12  4:26  SCV  
  10  4:38  SCV  
  8  4:53  Marine  
  8  4:54  Marine  
  5  5:08  Marine  
Show
View Real Time Build Order
Export as new Build Order

HoRNET Protoss - Winner!

Build Orders: 1 Gate Expand 

Get SALT Encoding   

  12  0:01  Probe  
  13  0:16  Pylon  
  13  0:22  Probe  
  14  0:30  Probe  
  15  0:38  Gateway  
  15  0:46  Probe  
  16  0:58  Probe  
  17  1:10  Probe  
  18  1:17  Pylon  
  18  1:32  Nexus  
  18  1:39  Pylon  
  18  1:43  Pylon  
  18  1:44  Zealot  
  18  1:49  Probe  
  21  2:01  Probe  
  21  2:04  Zealot  
  21  2:05  Cybernetics Core  
  22  2:13  Probe  
  25  2:29  Zealot  
  27  2:38  Probe  
  28  2:50  Pylon, Probe  
  29  2:55  Forge  
  29  3:12  Probe  
  29  3:14  Zealot  
  32  3:20  Probe  
  33  3:27  Shield Battery  
  31  3:36  Pylon  
  31  3:40  Pylon  
  31  3:41  Zealot  
  28  3:48  Shield Battery  
  27  4:29  Shield Battery  
  25  4:37  Zealot  
  11  5:46  Probe  
  11  5:54  Probe  
  14  6:04  Probe  
Tags
 
Add a new tag
Caveats
  • Supply blocks, unpowered buildings, or Contaminate may cause inaccurate times.
  • Supply counts are checked every 10 seconds.